 Dungeon Crawl Stone Soup version 0.30.1 (webtiles) character file.

Game seed: 5483488250248708479

20797 Destapler the Basher (level 12, -13/79 HPs)
             Began as a Gargoyle Berserker on July 5, 2023.
             Was a High Priest of Trog.
             Mangled by Rupert
             ... wielding a +6 great mace of holy wrath
              (35 damage)
             ... on level 3 of the Lair of Beasts.
             The game lasted 00:45:01 (11759 turns).

Destapler the Basher (Gargoyle Berserker)          Turns: 11759, Time: 00:45:02

Health: -13/79     AC: 22    Str: 26    XL:     12   Next: 83%
Magic:  12/12      EV: 13    Int: 10    God:    Trog [*****.]
Gold:   636        SH:  0    Dex:  9    Spells: 11/11 levels left

rFire   + . .        a - +10 demon whip "Jothah Nyask" {venom, rF+ Str+2 Stlth-}
rCold   . . .        (no shield)
rNeg    + . .        q - +0 troll leather armour
rPois   ∞            N - +0 helmet
rElec   +            f - +0 cloak
rCorr   +            o - +0 pair of gloves
SInv    .            (no boots)
Will    .....        (no amulet)
Stlth   +            r - ring of resist corrosion
HPRegen 1.13/turn    I - +4 ring of protection
MPRegen 0.13/turn

%: no passive effects
@: silenced, attractive, flying, invisible
A: sickness immunity, AC +8, negative energy resistance 1, electricity
resistance, torment resistance 1, petrification resistance
a: Renounce Religion


You were on level 3 of the Lair of Beasts.
You worshipped Trog.
Trog was extremely pleased with you.
You visited 2 branches of the dungeon, and saw 13 of its levels.
You also visited: Sewer.

You collected 895 gold pieces.
You spent 259 gold pieces at shops.

Inventory:

Hand Weapons
 a - the +10 demon whip "Jothah Nyask" (weapon) {venom, rF+ Str+2 Stlth-}
   (You found it on level 1 of the Lair of Beasts)

   Str:       It affects your strength (+2).
   rF:        It protects you from fire.
   Stlth:     It makes you less stealthy.
 b - the +8 whip "Snakebite" {venom, curare, rPois}
   (You took it off a gnoll on level 4 of the Dungeon)

   rPois:     It protects you from poison.
 d - a +2 vampiric short sword
 x - a +1 flail of protection
 B - a +2 flail of distortion
 E - a +1 whip of electrocution
Missiles
 t - 83 stones (quivered)
 C - 3 boomerangs
 D - 8 boomerangs of dispersal
 H - 6 throwing nets
 Q - 6 silver javelins
 X - 7 poisoned darts
Armour
 f - a +0 cloak (worn)
 o - a +0 pair of gloves (worn)
 q - a +0 troll leather armour (worn)
 G - a +2 robe of cold resistance
 N - a +0 helmet (worn)
 V - +0 steam dragon scales
Jewellery
 r - a ring of resist corrosion (left hand)
 I - a +4 ring of protection (right hand)
 L - a ring of see invisible
 P - a ring of magical power
Wands
 y - a wand of roots (30)
Scrolls
 c - 4 scrolls of enchant weapon
 h - 10 scrolls of identify
 u - 3 scrolls of teleportation {unknown}
 v - a scroll of blinking {unknown}
 w - 5 scrolls of magic mapping {unknown}
 z - 3 scrolls of brand weapon {unknown}
 A - 2 scrolls of silence
 F - 2 scrolls of fog {unknown}
 J - 3 scrolls of enchant armour {unknown}
 M - 2 scrolls of poison {unknown}
 R - a scroll of acquirement {unknown}
 T - 2 scrolls of amnesia {unknown}
 W - 6 scrolls of fear {unknown}
Potions
 e - 3 potions of magic {unknown}
 g - 4 potions of heal wounds {unknown}
 i - 7 potions of cancellation
 j - 5 potions of haste {unknown}
 k - 6 potions of lignification {unknown}
 l - 2 potions of degeneration {unknown}
 m - 9 potions of curing
 p - 2 potions of brilliance {unknown}
 s - 3 potions of mutation {unknown}
 K - 2 potions of flight
 O - 2 potions of ambrosia {unknown}
 U - a potion of might {unknown}


   Skills:
 + Level 10.8 Fighting
 - Level 12.0 Maces & Flails
 + Level 5.3 Throwing
 + Level 9.1 Armour
 + Level 6.8 Dodging
 + Level 6.0 Stealth
 + Level 5.2 Evocations


You had 11 spell levels left.
You didn't know any spells.
Your spell library contained the following spells:

 Spells                   Type           Power      Damage    Failure   Level
 Beastly Appendage        Tmut           0%         N/A       38%         1
 Necrotise                Necr           0%         1d4       38%         1
 Sandblast                Erth           0%         2d4       38%         1
 Passwall                 Tmut/Erth      0%         N/A       54%         2
 Wereblood                Tmut           0%         N/A       54%         2
 Frozen Ramparts          Ice            0%         1d1       77%         3
 Gell's Gravitas          Tloc           0%         N/A       77%         3
 Ignite Poison            Fire/Tmut/Pois 0%         N/A       77%         3
 Inner Flame              Hex/Fire       0%         N/A       77%         3
 Spider Form              Tmut/Pois      0%         N/A       77%         3
 Stone Arrow              Conj/Erth      0%         3d7       77%         3
 Teleport Other           Tloc           0%         N/A       77%         3
 Vampiric Draining        Necr           0%         2d6       77%         3
 Vhi's Electric Charge    Tloc/Air       0%         N/A       77%         3
 Ice Form                 Ice/Tmut       0%         N/A       99%         4
 Petrify                  Tmut/Erth      0%         N/A       99%         4
 Sticky Flame             Conj/Fire      0%         2d3       99%         4
 Summon Ice Beast         Ice/Summ       0%         N/A       99%         4
 Agony                    Necr           0%         N/A       100%        5
 Arcjolt                  Conj/Air       0%         1d10      100%        5
 Metabolic Englaciation   Hex/Ice        0%         N/A       100%        5
 Yara's Violent Unravell  Hex/Tmut       0%         3d3       100%        5
 Dispersal                Tloc           0%         N/A       100%        6
 Plasma Beam              Fire/Air       0%         2x1d11    100%        6
 Enfeeble                 Hex            0%         N/A       100%        7
 Ignition                 Fire           0%         3d3       100%        8
 Statue Form              Tmut/Erth      Unusable   N/A       N/A         6

Dungeon Overview and Level Annotations

Branches:
Dungeon (10/15)            Temple (0/1) D:6            Lair (3/5) D:10
 Shoals (0/4) Lair:2        Snake (0/4) Lair:2        Sewer (visited)
    Orc: D:9-12

Altars:
Ashenzari
Dithmenos
Elyvilon
Gozag
Hepliaklqana
Makhleb
Nemelex Xobeh
Okawaru
Qazlal
Ru
Trog
Xom
Yredelemnul

Shops:
D:1 :   D:9 =   D:10 [

Portals:
Abyss: D:4
Trove: D:10 (give +2 storm dragon scales)

Annotations:
Lair:3 Rupert


Innate Abilities, Weirdness & Mutations

You are immune to sickness and miasma.
Your stone body is resilient. (AC +8)
You are immune to poison.
You resist negative energy. (rN+)
You are resistant to electric shocks. (rElec)
You are resistant to unholy torment.
You are immune to petrification.


Message History

Rupert is lightly wounded.
You whack the komodo dragon!
The komodo dragon is poisoned.
The komodo dragon is lightly wounded.
Rupert hits you with a +6 great mace of holy wrath!!
* * * LOW HITPOINT WARNING * * *
It was a potion of attraction.
You feel attractive to monsters. Rupert barely misses you.
The komodo dragon bites you!!
* * * LOW HITPOINT WARNING * * *
It was a potion of curing.
You feel better. Rupert hits you but does no damage.
The komodo dragon bites you but does no damage.
Rupert hits you but does no damage.
It was a potion of flight.
You feel very buoyant.
You fly up into the air.
Rupert hits you but does no damage. The komodo dragon barely misses you.
It was a potion of invisibility.
You fade into invisibility!
Rupert closely misses you. The komodo dragon misses you. Rupert misses you.
You closely miss the komodo dragon.
The komodo dragon is moderately wounded.
Rupert closely misses you. The komodo dragon bites you!
* * * LOW HITPOINT WARNING * * *
You strike the helpless Rupert from behind!
You hit Rupert.
Rupert looks as sick as possible!
Rupert is lightly wounded.
You barely miss Rupert.
Rupert is lightly wounded.
Rupert barely misses you. The komodo dragon closely misses you.
You thrash Rupert!!
Rupert looks as sick as possible!
Rupert is moderately wounded.
You catch the helpless komodo dragon completely off-guard!
You hit the komodo dragon.
The komodo dragon is moderately wounded.
The komodo dragon barely misses you. Rupert is attracted toward you.
Unknown command.
Rupert closely misses you.
The komodo dragon looks more healthy.
Rupert hits you with a +6 great mace of holy wrath!!
You die...

≈≈≈≈≈~..### ##...#...# #
≈≈≈≈≈~..P.###....#...#.#
≈≈≈≈≈≈.<.............+.#
~~~~~~.................##
.....................P..#
.................P......#
.~~~~~~######....#.....##
.~~~~~~ #....#..#...#
...#~.# ####..@..$....##
.#..# #......@.l....#
...............#
..##P.###.......# . ###
#......#.# #..?...###
#......# #.......#
#......##


You could see Rupert (berserk, unable to see you, extremely poisoned) and a
komodo dragon (unable to see you).

Vanquished Creatures
  A hydra (Lair:3)
  A manticore (Lair:2)
  The ghost of Merkmiralles the Cleaver, a novice MiBe of Trog (D:4)
  2 black mambas
  8 cane toads
  3 komodo dragons
  A troll (D:10)
  A wind drake (Lair:2)
  A polar bear (Lair:1)
  A hornet (D:8)
  6 blink frogs
  2 shadows
  A vampire (D:9)
  35 yaks
  A wraith (D:10)
  2 wyverns
  A human (D:6)
  3 steam dragons
  2 basilisks
  An acid dragon (D:10)
  A naga (Lair:2)
  Duvessa (D:7)
  12 water moccasins
  5 orc warriors
  An ice beast (D:7)
  A sky beast (D:8)
  5 black bears
  6 wolves (Lair:2)
  3 centaurs
  A small abomination (D:4)
  4 kobold brigands
  8 bullfrogs
  2 gnoll sergeants
  4 scorpions
  16 wights
  Dowan (D:7)
  4 killer bees (D:7)
  5 electric eels
  A hound (D:6)
  4 jellies
  3 orc priests
  A sleepcap (D:7)
  4 iguanas
  Terence (D:3)
  13 orc wizards
  5 hell rats
  12 gnolls
  21 adders
  A shadow imp (D:6)
  3 white imps
  2 ufetubi
  5 worms
  2 dart slugs
  32 orcs
  6 bats
  11 endoplasms
  9 giant cockroaches
  3 goblins (D:2)
  8 hobgoblins
  4 quokkas
  15 ball pythons
  8 frilled lizards
  21 kobolds
  A kobold skeleton (D:6)
  5 rats
355 creatures vanquished.

Vanquished Creatures (collateral kills)
  An orc (D:4)
1 creature vanquished.

Vanquished Creatures (others)
  An orc (D:9)
  2 kobolds (D:9)
  A kobold skeleton (D:6)
4 creatures vanquished.

Grand Total: 360 creatures vanquished

Notes
Turn   | Place    | Note
-------+----------+-------------------------------------------
     0 | D:1      | Destapler the Gargoyle Berserker began the quest for the
                  | Orb.
     0 | D:1      | Reached XP level 1. HP: 14/14 MP: 1/1
   407 | D:1      | Reached XP level 2. HP: 18/19 MP: 2/2
   466 | D:1      | Found Ebruadum's Book Shop.
   884 | D:2      | Reached XP level 3. HP: 15/23 MP: 3/3
   940 | D:2      | Found a white marble altar of Elyvilon.
  1694 | D:3      | Reached XP level 4. HP: 29/29 MP: 4/4
  1878 | D:3      | Reached XP level 5. HP: 33/33 MP: 5/5
  1920 | D:3      | Found a burning altar of Makhleb.
  2102 | D:3      | Noticed Terence
  2117 | D:3      | Killed Terence
  2418 | D:3      | Identified the +9 spear of Big Damage {freeze, Int+4}
  2425 | D:3      | Found a sparkling altar of Nemelex Xobeh.
  2705 | D:3      | Reached ** piety under Trog
  2706 | D:3      | Reached skill level 4 in Maces & Flails
  3106 | D:4      | Reached XP level 6. HP: 37/39 MP: 6/6
  3333 | D:4      | Found a glowing drain.
  3344 | Sewer    | Entered a sewer
  3545 | Sewer    | Reached skill level 5 in Fighting
  3549 | Sewer    | Found a viscous altar of Jiyva.
  3676 | Sewer    | Reached XP level 7. HP: 43/44 MP: 7/7
  3827 | D:4      | Found a one-way gate to the infinite horrors of the Abyss.
  3827 | D:4      | Noticed Merkmiralles's ghost (novice MiBe)
  4092 | D:4      | Found a shadowy altar of Dithmenos.
  4125 | D:4      | Found a bloodstained altar of Trog.
  4205 | D:4      | Found a transporter.
  4577 | D:4      | Reached skill level 5 in Maces & Flails
  4689 | D:4      | Found a transporter.
  4721 | D:5      | Entered Level 5 of the Dungeon
  4827 | D:5      | Found a broken altar of Ashenzari.
  5050 | D:5      | Found a stormy altar of Qazlal.
  5157 | D:5      | Reached skill level 5 in Armour
  5603 | D:4      | Killed Merkmiralles's ghost
  5604 | D:4      | Reached XP level 8. HP: 51/51 MP: 8/8
  5774 | D:6      | Found a staircase to the Ecumenical Temple.
  5825 | D:6      | Reached skill level 6 in Maces & Flails
  5977 | D:6      | Found a runed translucent door.
  5981 | D:6      | Found a basalt altar of Yredelemnul.
  6074 | D:6      | Reached XP level 9. HP: 56/56 MP: 9/9
  6212 | D:6      | Reached skill level 5 in Dodging
  6619 | D:6      | Found a white marble altar of Elyvilon.
  6673 | D:7      | Noticed Duvessa
  6673 | D:7      | Noticed Dowan
  6678 | D:7      | Killed Duvessa
  6682 | D:7      | Killed Dowan
  6769 | D:7      | Reached *** piety under Trog
  6773 | D:7      | Reached skill level 7 in Maces & Flails
  6946 | D:7      | Found a sacrificial altar of Ru.
  6947 | D:7      | Found an opulent altar of Gozag.
  6950 | D:7      | Found a shimmering altar of Xom.
  7230 | D:7      | Reached skill level 1 in Throwing
  7230 | D:7      | Reached skill level 1 in Evocations
  7406 | D:8      | Noticed a hornet
  7411 | D:8      | Killed a hornet
  7502 | D:8      | Reached XP level 10. HP: 39/64 MP: 10/10
  7527 | D:8      | Found a transporter.
  7532 | D:8      | Found a transporter.
  7667 | D:8      | Found a transporter.
  7710 | D:8      | Found a transporter.
  7762 | D:8      | Found an iron altar of Okawaru.
  7873 | D:8      | Reached skill level 8 in Maces & Flails
  8225 | D:9      | Found Tuqebygh's Jewellery Emporium.
  8227 | D:9      | Bought a ring of see invisible for 210 gold pieces
  8232 | D:9      | Reached **** piety under Trog
  8331 | D:9      | Reached skill level 1 in Stealth
  8716 | D:9      | Found a faded altar of an unknown god.
  8718 | D:9      | Found a hazy altar of Hepliaklqana.
  8839 | D:10     | Entered Level 10 of the Dungeon
  8889 | D:10     | Found Qopamnav's Armour Shoppe.
  8894 | D:10     | Bought a +0 helmet for 49 gold pieces
  9039 | D:10     | Reached XP level 11. HP: 60/69 MP: 11/11
  9238 | D:10     | Reached skill level 9 in Maces & Flails
  9289 | D:10     | Found a staircase to the Lair.
  9349 | D:10     | Reached ***** piety under Trog
  9519 | D:10     | Found a portal to a secret trove of treasure.
  9749 | Lair:1   | Entered Level 1 of the Lair of Beasts
  9846 | Lair:1   | Reached skill level 10 in Fighting
  9909 | Lair:1   | Reached skill level 10 in Maces & Flails
 10053 | Lair:1   | Identified the +0 ring mail "Divaelue" {rF+ Int+2}
 10193 | Lair:1   | Reached skill level 11 in Maces & Flails
 10393 | Lair:1   | Received a gift from Trog
 10569 | Lair:1   | Identified the +10 demon whip "Jothah Nyask" {venom, rF+
                  | Str+2 Stlth-}
 10714 | Lair:2   | Reached skill level 12 in Maces & Flails
 10805 | Lair:2   | Reached XP level 12. HP: 77/77 MP: 12/12
 11035 | Lair:2   | Reached skill level 5 in Stealth
 11192 | Lair:2   | Found a staircase to the Snake Pit.
 11219 | Lair:2   | Reached skill level 5 in Throwing
 11316 | Lair:2   | Found a staircase to the Shoals.
 11517 | Lair:3   | Reached skill level 5 in Evocations
 11605 | Lair:3   | Identified the +0 helmet of the Gusle {Will- Int+3 Dex+2}
 11707 | Lair:3   | Noticed a five-headed hydra
 11714 | Lair:3   | Killed a five-headed hydra
 11737 | Lair:3   | Noticed Rupert
 11739 | Lair:3   | Paralysed by Rupert for 4 turns
 11759 | Lair:3   | Mangled by Rupert

Illustrated notes

Levels and vault maps discovered:
D:1:      dpeg_arrival_pits, layout_basic, serial_shops,
          nicolae_shop_tiny_waterfront
D:2:      wander_river, layout_loops_cross, basic_altar, serial_forest,
          infiniplex_forest_end_2, infiniplex_forest_lined_ring,
          infiniplex_forest_lined_room_, infiniplex_forest_straight_1,
          infiniplex_forest_clump_tiny
D:3:      layout_basic, bloody_makhleb, lemuel_coloured_pillars_altar,
          minmay_snake_closets, uniq_terence
D:4:      layout_cave_pools, overflow_temple_1_default, lemuel_crystal_altar,
          gup_sewer_entry_bubbles, gammafunk_ghost_abyssal_escape
D:5:      layout_basic, mainiacjoe_overflow_tiny_flanked, lemuel_round_altar
D:6:      cheibrodos_thug_alley, layout_basic, nicolae_elyvilon_temple_path,
          dk_yredelemnul_ordeal, minmay_temple_entry_large_hall
D:7:      layout_basic, grunt_temple_overflow_open, serial_bayou,
          serial_bayou_shore_b, serial_bayou_ford_a, serial_bayou_shore_b,
          serial_bayou_crossing, uniq_duvessa
D:8:      layout_loops_cross, mainiacjoe_overflow_cross_hatched,
          chequers_decorated_corner, minmay_misc_feat_roman,
          nicolae_transporter_circle
D:9:      layout_cave_pools, beargit_hepliaklqana_dungeon_heroes, serial_shops,
          nicolae_shop_gaudy_bauble, grunt_ministairs_6
D:10:     layout_gridville, grunt_lair_entry_orc_guard_hut, serial_shops,
          nicolae_shop_rolling_square, enter_trove_0
Lair:1:   minmay_guarded_unrand_snakebite, layout_regular_city,
          chequers_serial_rivers_room_a
Lair:2:   layout_roguey, minmay_shoals_entry_beasts,
          guppyfry_snake_entry_garden, chequers_serial_rivers_room_a
Lair:3:   layout_chaotic_city, beast_lair_carwin_9, uniq_rupert

Skill      XL: |  1  2  3  4  5  6  7  8  9 10 11 12 |
---------------+-------------------------------------+-----
Dodging        | 2 3 4 5 6 |  6.8
Armour         | 3 4 5 6 7 8 9 |  9.1
Fighting       | 4 5 6 8 10 | 10.8
Maces & Flails | 4 5 6 7 8 12 | 12.0
Throwing       | 2 4 5 |  5.3
Evocations     | 2 4 5 |  5.2
Stealth        | 3 4 6 |  6.0

Action                     |  1- 3 |  4- 6 |  7- 9 | 10-12 || total
---------------------------+-------+-------+-------+-------++-------
  Melee: Mace              |    19 |       |       |       ||    19
         Short sword       |   147 |   389 |   117 |       ||   653
         Punch             |     1 |     1 |     2 |     7 ||    11
         Flail             |       |       |    72 |       ||    72
         Whip              |       |       |   167 |   409 ||   576
         Demon whip        |       |       |       |   196 ||   196
  Throw: Stone             |       |       |       |     9 ||     9
 Invoke: Berserk           |     4 |     8 |     8 |     8 ||    28
         Trog's Hand       |       |     1 |     4 |       ||     5
    Use: Scroll            |       |     7 |       |     1 ||     8
         Potion            |       |       |       |     4 ||     4
   Stab: Sleeping          |     1 |       |       |     5 ||     6
         Invisible         |       |       |       |     2 ||     2
 Armour: Animal skin       |    43 |       |       |       ||    43
         Leather armour    |    16 |   175 |       |       ||   191
         Troll leather arm |       |    26 |   146 |   198 ||   370
  Dodge: Dodged            |    95 |   287 |   181 |   253 ||   816
